 Dungeon Sprint DCSS version 0.31-a0-845-g9abc20d24f (webtiles) character file.

Game seed: 16801396344043045567

86 rocky1 the Cudgeller (level 4, -6/49 HPs)
             Began as an Ogre Gladiator on Oct 2, 2023.
             Was a High Priest of Cheibriados.
             Mangled by Terence
             ... wielding a +4 flail of protection
              (9 damage)
             ... in the Dungeon (Sprint VII: "The Pits").
             The game lasted 00:02:29 (552 turns).

rocky1 the Cudgeller (Ogre Gladiator)                Turns: 552, Time: 00:02:30

Health: -6/49      AC:  3    Str: 30    XL:     4   Next: 49%
Magic:  5/6        EV: 13    Int: 23    God:    Cheibriados [*****.]
Gold:   0          SH:  0    Dex: 22    Spells: 3/3 levels left

rFire   . . .        a - +0 flail
rCold   . . .        (no shield)
rNeg    . . .        b - +0 robe
rPois   .            c - +0 hat
rElec   .            (no cloak)
rCorr   .            (gloves unavailable)
SInv    .            (boots unavailable)
Will    .....        (no amulet)
Stlth   ++           (no ring)
HPRegen 0.28/turn    (no ring)
MPRegen 0.10/turn

%: no teleportation
@: on berserk cooldown, slowed, very slow
A: large, unfitting armour, tough skin 1
a: Renounce Religion, Bend Time, Temporal Distortion, Slouch, Step From Time


You were in the Dungeon.
You worshipped Cheibriados.
Cheibriados was extremely pleased with you.
You visited 1 branch

Inventory:

Hand Weapons
 a - a +0 flail (weapon)
 p - a +2 heavy mace
Missiles
 d - 3 throwing nets (quivered)
 e - a large rock
Armour
 b - a +0 robe (worn)
 c - a +0 hat (worn)
Scrolls
 k - a scroll of blinking
 m - 2 scrolls of vulnerability
 n - 5 scrolls of amnesia
 o - a scroll of summoning
Potions
 f - 6 potions of curing
 g - 6 potions of heal wounds
 h - a potion of haste
 i - 4 potions of magic
 j - 2 potions of berserk rage
 l - 2 potions of invisibility


   Skills:
 + Level 4.4 Fighting
 + Level 5.1 Maces & Flails
 + Level 3.0 Throwing
 + Level 5.0 Dodging
 + Level 0.1 Stealth
 * Level 3.5 Invocations


You had 3 spell levels left.
You didn't know any spells.
Your spell library was empty.

Dungeon Overview and Level Annotations

Branches:
Dungeon (1/1)

Altars:
Ashenzari
Cheibriados
Dithmenos
Elyvilon
Fedhas
Gozag
Hepliaklqana
Kikubaaqudgha
Makhleb
Nemelex Xobeh
Okawaru
Qazlal
Ru
Sif Muna
Trog
Uskayaw
Vehumet
Wu Jian
Xom
Yredelemnul
Zin
The Shining One
Jiyva
Lugonu

Annotations:
D Terence


Innate Abilities, Weirdness & Mutations

You are too large for most types of armour.
You have tough skin. (AC +1)


Message History

You closely miss the adder.
The adder is heavily wounded.
The adder closely misses you.
The orc wizard gestures wildly while chanting.
The orc wizard flickers and vanishes!
Deactivating autopickup; reactivate with Ctrl-A.
You miss the adder.
The adder is heavily wounded.
The adder bites you.
You are poisoned.
The adder poisons you! The adder barely misses you.
You closely miss the adder.
The adder is heavily wounded.
You feel sick. The adder barely misses you.
You miss the adder.
The adder is heavily wounded.
You feel sick. The adder closely misses you. The adder bites you.
You sock the adder!
You kill the adder!
Cheibriados thoroughly appreciates the change of pace.
Cheibriados raises the support of your attributes as your movement slows.
You feel sick.
Your Dodging skill increases to level 5!
You hit Terence.
Terence is moderately wounded.
You are no longer berserk.
You are exhausted.
You feel yourself slow down.
You feel sick. Terence misses you.
Terence hits you with a +4 flail of protection!
You thump Terence!
Terence is severely wounded.
You feel sick. Terence closely misses you.
You hit Terence.
Terence is almost dead.
You feel sick.
You are no longer poisoned.
Terence hits you with a +4 flail of protection!
* * * LOW HITPOINT WARNING * * *
Terence hits you with a +4 flail of protection!
You die...

##########.##.....
#..........)'.....
#'#####)#####.....
#.#..#...'.##.....
#.#..#...#.#####'#
#.#..#####.##.....
#.#..'...#†##.....
#.#..'...'.##.....
#@#.†########...<.
#@#..'.)))[##.....
#.#..#.)).[##.....
#z###########.....
#rz.o.5.# ######
#o..#o..# #...# .#
#.##. #.. #z


You could see Terence, 2 wights, an orc and a rat.

Vanquished Creatures
  A wight (D)
  An adder (D)
  A river rat (D)
  An ufetubus (D)
  2 orcs (D)
  An endoplasm (D)
  3 jackals (D)
  A kobold (D)
  A ball python (D)
  A bat (D)
  A quokka skeleton (D)
14 creatures vanquished.

Notes
Turn   | Place    | Note
-------+----------+-------------------------------------------
     0 | D        | rocky1 the Ogre Gladiator began the quest for the Orb.
     0 | D        | Reached XP level 1. HP: 22/22 MP: 1/1
    44 | D        | Found a bloodstained altar of Trog.
    44 | D        | Found a shimmering blue altar of Sif Muna.
    44 | D        | Found a viscous altar of Jiyva.
    44 | D        | Found a hazy altar of Hepliaklqana.
    44 | D        | Found an opulent altar of Gozag.
    45 | D        | Found a glowing golden altar of the Shining One.
    45 | D        | Found a glowing silver altar of Zin.
    45 | D        | Found a basalt altar of Yredelemnul.
    45 | D        | Found a shimmering altar of Xom.
    45 | D        | Found an ornate altar of the Wu Jian Council.
    45 | D        | Found a sacrificial altar of Ru.
    45 | D        | Found a stormy altar of Qazlal.
    45 | D        | Found an iron altar of Okawaru.
    45 | D        | Found a sparkling altar of Nemelex Xobeh.
    45 | D        | Found a burning altar of Makhleb.
    45 | D        | Found a blossoming altar of Fedhas.
    45 | D        | Found a white marble altar of Elyvilon.
    45 | D        | Found a shadowy altar of Dithmenos.
    45 | D        | Found a snail-covered altar of Cheibriados.
    48 | D        | Found a corrupted altar of Lugonu.
    48 | D        | Found a radiant altar of Vehumet.
    49 | D        | Found an ancient bone altar of Kikubaaqudgha.
    49 | D        | Found a hide-covered altar of Uskayaw.
    49 | D        | Found a broken altar of Ashenzari.
    56 | D        | Became a worshipper of Cheibriados the Contemplative
    84 | D        | Reached * piety under Cheibriados
   205 | D        | Reached skill level 1 in Invocations
   205 | D        | Reached XP level 2. HP: 22/31 MP: 2/2
   254 | D        | Reached ** piety under Cheibriados
   258 | D        | Reached *** piety under Cheibriados
   281 | D        | Reached XP level 3. HP: 10/37 MP: 4/4
   281 | D        | Reached **** piety under Cheibriados
   532 | D        | Noticed Terence
   532 | D        | Noticed a wight
   532 | D        | Noticed a wight
   532 | D        | Noticed a wight
   540 | D        | Killed a wight
   541 | D        | Reached XP level 4. HP: 44/49 MP: 4/6
   542 | D        | Reached ***** piety under Cheibriados
   543 | D        | Reached skill level 5 in Maces & Flails
   550 | D        | Reached skill level 5 in Dodging
   552 | D        | Mangled by Terence

Illustrated notes

Levels and vault maps discovered:
D:        pitsprint [storerooms_1, entrance_room_1, metal_vault_2, armoury_1,
          mini_pit_1, grid_room_1, main_hall_1, silver_pit, the_coven_2,
          the_vestibule_1, steel_vault_1, golden_pit, hallway_of_sentries,
          crystal_vault_6, iron_vault_4, final_vault]

Skill      XL: |  1  2  3  4 |
---------------+-------------+-----
Maces & Flails | 3 4 5 |  5.1
Dodging        | 3 4 5 |  5.0
Fighting       | 3 4 |  4.4
Invocations    | 1 2 3 |  3.5
Throwing       | 3 |  3.0
Stealth        | |  0.1

Action                     |  1- 3 |  4- 6 || total
---------------------------+-------+-------++-------
  Melee: Flail             |    44 |    12 ||    56
    Use: Potion            |     1 |       ||     1
 Armour: Robe              |    45 |     7 ||    52
  Dodge: Dodged            |    36 |     9 ||    45

Table legend: (Time is in decaauts)
 A = Elapsed time spent in this place.
 B = Non-inter-level travel time spent in this place.
 C = Inter-level travel time spent in this place.
 D = Time resting spent in this place.
 E = Time spent auto-exploring this place.
 F = Levels seen in this place.
 G = Mean time per level.
                   A        B        C        D        E       F      G
               +--------+--------+--------+--------+--------+-----+--------+
         Total |    623 |    592 |     31 |    327 |      0 |   1 |  623.0 |
       Dungeon |    623 |    592 |     31 |    327 |      0 |   1 |  623.0 |
               +--------+--------+--------+--------+--------+-----+--------+

Top non-repeatable levels by time:
       D: 623 daAuts
